 Dungeon Crawl Stone Soup version 0.23.2-40-g277498a001 (webtiles) character file.

Game seed: 13431310787973066933

283 Folks the Conjurer (level 5, 0/38 HPs)
             Began as a Demigod Conjurer on Aug 19, 2019.
             Slain by an orc
             ... wielding a +0 flail
              (9 damage)
             ... on level 3 of the Dungeon.
             The game lasted 00:06:33 (2276 turns).

Folks the Conjurer (Demigod Conjurer)               Turns: 2276, Time: 00:06:33

Health: 0/38       AC:  2    Str: 11    XL:     5   Next: 78%
Magic:  3/13       EV: 12    Int: 21    God:
Gold:   133        SH:  0    Dex: 16    Spells: 1/11 levels left

rFire    . . .     SeeInvis .   f - -1 mace (curse)
rCold    . . .     Gourm    .   (no shield)
rNeg     . . .     Faith    .   a - +0 robe
rPois    .         Spirit   .   (no helmet)
rElec    .         Reflect  .   (no cloak)
rCorr    .         Harm     .   (no gloves)
MR       .....                  (no boots)
Stlth    ++........             (no amulet)
HPRegen  0.12/turn              (no ring)
MPRegen  0.13/turn              (no ring)

@: very slightly contaminated
A: high mp 1
a: no special abilities


You were on level 3 of the Dungeon.
You were hungry.

You visited 1 branch of the dungeon, and saw 3 of its levels.

You collected 133 gold pieces.

Inventory:

Hand Weapons
 b - a +0 club
 d - a +0 whip
 f - a cursed -1 mace (weapon)
 k - a +0 dagger
 s - a +0 short sword
Armour
 a - a +0 robe (worn)
 o - a +0 ring mail
Wands
 n - a wand of polymorph (4)
Scrolls
 e - a scroll of blinking
Potions
 g - a potion of brilliance {unknown}
 i - a potion of ambrosia {unknown}
 j - a potion of degeneration
 l - a potion of haste
 m - a potion of berserk rage {unknown}
 p - a potion of might {unknown}
 q - a potion of curing {unknown}
 r - 2 potions of magic
Comestibles
 c - 5 rations


   Skills:
 - Level 1.7 Dodging
 - Level 1.7 Stealth
 + Level 3.7 Spellcasting
 + Level 4.6 Conjurations
 * Level 2.8 Hexes


You had one spell level left.
You knew the following spells:

 Your Spells              Type           Power        Failure   Level  Hunger
a - Magic Dart            Conj           ###.         1%          1    None
b - Searing Ray           Conj           ###...       2%          2    ##.....
c - Dazzling Spray        Conj/Hex       ###...       8%          3    ###....
d - Fulminant Prism       Conj/Hex       ###.......   26%         4    ####...

Your spell library contained the following spells:

 Spells                   Type           Power        Failure   Level  Hunger
 Iskenderun's Mystic Bla  Conj           ###.....     19%         4    ####...
 Force Lance              Conj/Tloc      ##......     43%         4    ####...


Dungeon Overview and Level Annotations

Branches:
Dungeon (3/15)


Innate Abilities, Weirdness & Mutations

You have an increased reservoir of magic. (+10% MP)


Message History

The orc priest hits you with a +0 hand axe.
You hear an angry hiss.
You hear a shout! x3; You hear an angry hiss.
Casting: Fulminant Prism (quite dangerous; 28% risk of failure)
Confirm with . or Enter, or press ? or * to list all spells.
Aiming: Dazzling Spray (safe; 9% risk of failure)
Press: ? - help, Shift-Dir - straight line The spray of energy hits the orc but does no damage.
The orc is heavily wounded.
The spray of energy hits the orc priest.
You kill the orc priest!
The orc misses you. The orc wizard casts a spell at you.
The puff of frost hits you!
* * * LOW HITPOINT WARNING * * *
You see here 7 gold pieces.
The orc wizard gestures wildly while chanting.
The orc wizard seems to speed up.
There is a stone staircase leading up here.
The orc hits you with a +0 flail!
You die...

.!... #).......
..... #).......
.....###).#.#...
..!#.....o.....#
.......$†#.##..#
.......o.......#
...............#
.......o##.#####
.......@...#
........####
........#
........#
........#
#########


You could see an orc wizard and 2 orcs.

Vanquished Creatures
  Sigmund (D:2)
  2 orc priests (D:3)
  Robin (D:2)
  An adder (D:2)
  2 dart slugs
  A leopard gecko (D:1)
  3 orcs (D:3)
  2 giant cockroaches
  8 hobgoblins
  A quokka (D:2)
  7 bats
  4 frilled lizards (D:2)
  8 goblins
  6 kobolds
  8 rats
55 creatures vanquished.

Vanquished Creatures (others)
  A fulminant prism (D:3)
1 creature vanquished.

Grand Total: 56 creatures vanquished

Notes
Turn   | Place    | Note
-------+----------+-------------------------------------------
     0 | D:1      | Folks the Demigod Conjurer began the quest for the Orb.
     0 | D:1      | Reached XP level 1. HP: 14/14 MP: 5/5
   369 | D:1      | Reached XP level 2. HP: 18/20 MP: 7/7
   376 | D:1      | Learned a level 2 spell: Searing Ray
   879 | D:2      | Reached XP level 3. HP: 15/26 MP: 1/9
   888 | D:2      | Reached skill level 4 in Conjurations
  1650 | D:2      | Noticed Robin
  1663 | D:2      | Killed Robin
  1701 | D:2      | Learned a level 3 spell: Dazzling Spray
  1848 | D:2      | Noticed Sigmund
  1964 | D:2      | Killed Sigmund
  1964 | D:2      | Reached XP level 4. HP: 33/33 MP: 1/12
  1964 | D:2      | Reached XP level 5. HP: 38/38 MP: 1/13
  1970 | D:2      | Learned a level 4 spell: Fulminant Prism
  2276 | D:3      | Slain by an orc

Skill      XL: |  1  2  3 |
---------------+----------+-----
Spellcasting   | 2 3 |  3.7
Conjurations   | 4 |  4.6
Hexes          | 2 |  2.8
Dodging        | |  1.7
Stealth        | |  1.7

Action                   |  1- 3 |  4- 6 || total
-------------------------+-------+-------++-------
Melee: Whip              |    11 |       ||    11
       Dagger            |    55 |       ||    55
       Mace              |    13 |    12 ||    25
 Cast: Magic Dart        |    27 |       ||    27
       Searing Ray       |    15 |       ||    15
       Dazzling Spray    |     3 |     1 ||     4
       Fulminant Prism   |       |     1 ||     1
  Use: Scroll            |     5 |       ||     5
 Stab: Sleeping          |     6 |       ||     6
  Eat: Chunk             |     4 |     1 ||     5
Armor: Robe              |    27 |     2 ||    29
Dodge: Dodged            |    48 |     9 ||    57
